 Dungeon Crawl Stone Soup version 0.29.1-12-g30fa7ad0bf (webtiles) character file.

Game seed: 3551353878536246936

154595 mopl the Imperceptible (level 17, -2/132 HPs)
             Began as an Octopode Brigand on Dec 29, 2022.
             Was a High Priest of Ashenzari.
             Killed from afar by a deep elf annihilator (64 damage)
             ... with a crystal spear
             ... on level 3 of the Elven Halls.
             The game lasted 01:13:59 (31457 turns).

mopl the Imperceptible (Octopode Brigand)          Turns: 31457, Time: 01:14:02

Health: -2/132     AC:  9    Str: 11    XL:     17   Next: 63%
Magic:  29/29      EV: 23    Int: 21    God:    Ashenzari [*****.]
Gold:   4448       SH: 18    Dex: 19    Spells: 24/32 levels left

rFire   + . .      SeeInvis +   b - +5 quick blade (freeze)
rCold   + + .      Faith    .   P - +5 kite shield "Shattered Suspicion" {rElec rF+ Slay+3, Evo, Melee} (curse)
rNeg    + . .      Spirit   .   (helmet restricted)
rPois   +          Reflect  .   R - amulet "Shattered Jealousy" {RegenMP, Fort, Comp} (curse)
rElec   +          Harm     .   l - ring "Ruined Negation" {AC+4, Range, Fort} (curse)
rCorr   +          Rampage  .   L - ring of the Cursed Regret {EV+4, Cun, Comp} (curse)
Will    ++++.      Clarity  +   Z - ring "Lashed Apathy" {rCorr, Bglg, Self} (curse)
Stlth   ++++++++++              i - ring of the Eternal Augur {rC++ Will+ SInv, Evo, Bglg} (curse)
HPRegen 0.32/turn               o - ring of Curses and Power {rN+ Will+ Slay+5, Bglg, Evo} (curse)
MPRegen 0.61/turn               Q - ring of Ashenzari's Sophism {rPois, Bglg, Alch} (curse)
                                s - ring "Share My Doubts" {Dex+6, Fort, Range} (curse)
                                u - ring "Vision of Ashenzari" {AC+4, Self, Range} (curse)

@: studying Staves
A: almost no armour, amphibious, 8 rings, camouflage 1, gelatinous body 1,
(nimble swimmer 1), tentacles, strong-willed 1
a: Renounce Religion, Shatter the Chains


You were on level 3 of the Elven Halls.
You worshipped Ashenzari.
Ashenzari was extremely pleased with you.
You visited 5 branches of the dungeon, and saw 26 of its levels.
You also visited: Sewer.

You collected 5560 gold pieces.
You spent 1112 gold pieces at shops.

Inventory:

Hand Weapons
 a - a +4 dagger of venom
 b - a +5 quick blade of freezing (weapon)
Missiles
 c - 6 curare-tipped darts
 m - 3 atropa-tipped darts
 r - 6 javelins
 z - 19 boomerangs
 C - 48 poisoned darts (quivered)
 I - a throwing net
 J - 6 datura-tipped darts
Armour
 P - the cursed +5 kite shield "Shattered Suspicion" (worn) {rElec rF+ Slay+3, Evo, Melee}
   (You acquired it on level 5 of the Dungeon)

   Slay:      It affects your accuracy & damage with ranged weapons and melee
   (+3).
   rF:        It protects you from fire.
   rElec:     It insulates you from electricity.
   It has a curse which improves the following skills: Evocations: Evocations.
   Melee Combat: Short Blades, Long Blades, Axes, Maces & Flails, Polearms,
   Staves and Unarmed Combat.
Jewellery
 i - the cursed ring of the Eternal Augur (on tentacle) {rC++ Will+ SInv, Evo, Bglg}
   (You acquired it on level 5 of the Dungeon)

   [ring of willpower]

   rC:        It greatly protects you from cold.
   SInv:      It lets you see invisible.
   Will:      It increases your willpower.
   It has a curse which improves the following skills: Evocations: Evocations.
   Beguiling: Conjurations, Hexes and Translocations.
 l - the cursed ring "Ruined Negation" (left tentacle) {AC+4, Range, Fort}
   (You found it on level 1 of the Dungeon)

   [ring of protection]

   AC:        It affects your AC (+4).
   It has a curse which improves the following skills: Ranged Combat: Ranged
   Weapons and Throwing.
   Fortitude: Shields.
 o - the cursed ring of Curses and Power (on tentacle) {rN+ Will+ Slay+5, Bglg, Evo}
   (You bought it in a shop on level 1 of the Dungeon)

   [ring of positive energy]

   Slay:      It affects your accuracy & damage with ranged weapons and melee
   (+5).
   rN:        It protects you from negative energy.
   Will:      It increases your willpower.
   It has a curse which improves the following skills: Beguiling: Conjurations,
   Hexes and Translocations.
   Evocations: Evocations.
 s - the cursed ring "Share My Doubts" (on tentacle) {Dex+6, Fort, Range}
   (You found it on level 3 of the Lair of Beasts)

   [ring of dexterity]

   Dex:       It affects your dexterity (+6).
   It has a curse which improves the following skills: Fortitude: Shields.
   Ranged Combat: Ranged Weapons and Throwing.
 u - the cursed ring "Vision of Ashenzari" (on tentacle) {AC+4, Self, Range}
   (You took it off an orc on level 14 of the Dungeon)

   [ring of protection]

   AC:        It affects your AC (+4).
   It has a curse which improves the following skills: Introspection: Fighting
   and Spellcasting.
   Ranged Combat: Ranged Weapons and Throwing.
 L - the cursed ring of the Cursed Regret (right tentacle) {EV+4, Cun, Comp}
   (You found it on level 12 of the Dungeon)

   [ring of evasion]

   EV:        It affects your evasion (+4).
   It has a curse which improves the following skills: Cunning: Dodging and
   Stealth.
   Companions: Summonings and Necromancy.
 O - an amulet of guardian spirit
 Q - the cursed ring of Ashenzari's Sophism (on tentacle) {rPois, Bglg, Alch}
   (You bought it in a shop on level 1 of the Dungeon)

   [ring of poison resistance]

   rPois:     It protects you from poison.
   It has a curse which improves the following skills: Beguiling: Conjurations,
   Hexes and Translocations.
   Alchemy:   Poison Magic and Transmutations.
 R - the cursed amulet "Shattered Jealousy" (around mantle) {RegenMP, Fort, Comp}
   (You took it off a kobold on level 6 of the Dungeon)

   [amulet of magic regeneration]

   It increases your rate of magic regeneration.
   It has a curse which improves the following skills: Fortitude: Shields.
   Companions: Summonings and Necromancy.
 Z - the cursed ring "Lashed Apathy" (on tentacle) {rCorr, Bglg, Self}
   (You found it on level 10 of the Dungeon)

   [ring of resist corrosion]

   rCorr:     It protects you from acid and corrosion.
   It has a curse which improves the following skills: Beguiling: Conjurations,
   Hexes and Translocations.
   Introspection: Fighting and Spellcasting.
Wands
 y - a wand of digging (10)
 F - a wand of mindburst (33)
 N - a wand of iceblast (14)
 V - a wand of quicksilver (11)
 W - a wand of paralysis (19)
 X - a wand of polymorph (26)
 Y - a wand of flame (37)
Scrolls
 g - 13 scrolls of teleportation
 j - 4 scrolls of blinking
 k - 5 scrolls of poison
 p - 5 scrolls of butterflies
 t - 3 scrolls of magic mapping
 v - a scroll of enchant armour
 E - 3 scrolls of fear
 G - 6 scrolls of vulnerability
 H - 2 scrolls of summoning
 K - 2 scrolls of torment {!r}
Potions
 e - 7 potions of curing
 f - 3 potions of cancellation
 h - 7 potions of haste
 n - 8 potions of lignification {!q}
 A - 10 potions of heal wounds
 B - 4 potions of resistance
 D - 3 potions of might
 M - a potion of flight
 S - 3 potions of magic
 U - 4 potions of berserk rage {!q}
Miscellaneous
 q - a box of beasts (inert)
 w - a condenser vane
 x - a phial of floods (inert)


   Skills:
 + Level 13.9(17.3) Fighting
 - Level 8.0(10.3) Short Blades
 + Level 15.4(19.8) Throwing
 + Level 8.6(11.0) Dodging
 + Level 21.5(23.5) Stealth
 - Level 8.5(13.0) Shields
 - Level 4.9(8.2) Spellcasting
 - Level 6.6(12.0) Hexes
 - Level 2.6(5.3) Necromancy
 - Level 2.9(7.2) Translocations
 - Level 3.0 Ice Magic
 + Level 8.4(12.9) Evocations


You had 24 spell levels left.
You knew the following spells:

 Your Spells              Type           Power      Damage    Failure   Level
a - Anguish               Hex/Necr       22%        N/A       4%          4
b - Ensorcelled Hibernat  Hex/Ice        80%        N/A       1%          2
e - Blink                 Tloc           78%        N/A       1%          2

Your spell library contained the following spells:

 Spells                   Type           Power      Damage    Failure   Level
 Sublimation of Blood     Necr           31%        N/A       2%          2
 Gell's Gravitas          Tloc           39%        N/A       2%          3
 Lesser Beckoning         Tloc           39%        N/A       2%          3
 Teleport Other           Tloc           39%        N/A       2%          3
 Summon Guardian Golem    Hex/Summ       34%        N/A       3%          3
 Fulminant Prism          Conj/Hex       17%        3d11      11%         4
 Dispel Undead            Necr           31%        3d14      16%         4
 Wereblood                Tmut           9%         N/A       21%         2
 Manifold Assault         Tloc           39%        N/A       22%         5
 Iskenderun's Mystic Bla  Conj/Tloc      25%        2d7       28%         4
 Call Canine Familiar     Summ           10%        N/A       36%         3
 Spider Form              Tmut/Pois      9%         N/A       36%         3
 Corpse Rot               Necr/Pois/Air  16%        N/A       56%         4
 Summon Lightning Spire   Summ/Air       9%         N/A       80%         4
 Death Channel            Necr           15%        N/A       94%         6
 Fireball                 Conj/Fire      5%         3d5       98%         5
 Lee's Rapid Deconstruct  Erth           4%         3d6*      99%         5
 Starburst                Conj/Fire      5%         6d4       100%        6
 Orb of Destruction       Conj           6%         9d6       100%        7
 Spellforged Servitor     Conj/Summ      5%         N/A       100%        7
 Storm Form               Tmut/Air       4%         N/A       100%        7
 Summon Hydra             Summ           5%         N/A       100%        7
 Ignition                 Fire           4%         3d4       100%        8
 Maxwell's Capacitive Co  Air            4%         ∞         100%        8
 Dragon's Call            Summ           5%         N/A       100%        9


Dungeon Overview and Level Annotations

Branches:
Dungeon (15/15)            Temple (1/1) D:6            Lair (5/5) D:11
 Shoals (0/4) Lair:3        Snake (0/4) Lair:2        Slime (0/5) Lair:5
    Orc (2/2) D:10            Elf (3/3) Orc:2        Vaults (0/5) D:14
 Depths (0/4) D:15          Sewer (visited)

Altars:
Ashenzari
Cheibriados
Dithmenos
Elyvilon
Fedhas
Gozag
Hepliaklqana
Kikubaaqudgha
Makhleb
Nemelex Xobeh
Okawaru
Qazlal
Ru
Sif Muna
Trog
Uskayaw
Vehumet
Wu Jian
Xom
Yredelemnul
Zin
The Shining One
Jiyva

Shops:
D:1 =   D:5 *   D:11 [   D:13 *   D:14 =   Orc:2 !::(   Elf:1 **

Annotations:
Elf:1 1 runed translucent door, Hynwimna's ghost, veteran MiGl
Elf:2 5 runed translucent doors


Innate Abilities, Weirdness & Mutations

You cannot wear most types of armour.
You are amphibious.
You can wear up to eight rings at the same time.
Your skin changes colour to match your surroundings (Stealth+).
Your rubbery body absorbs attacks. (AC +1, EV +1)
((You are camouflaged when in or above water. (Stealth+)))
You have tentacles for arms and can constrict up to eight enemies at once.
You are strong-willed. (Will+)


Message History

Okay, then.
You start resting.
A deep elf annihilator is nearby!
Throw: 52 darts (poison)
Press: ? - help, Q - select action, (/) - cycle Shift-Dir - straight line, f - deep elf annihilator
Aim: a deep elf annihilator, wielding a +0 long sword (heavily wounded, 73% to hit)
You throw a poisoned dart.
The poisoned dart barely misses the deep elf annihilator.
Throw: 51 darts (poison)
Press: ? - help, Q - select action, (/) - cycle Shift-Dir - straight line, f/p - deep elf annihilator
Aim: a deep elf annihilator, wielding a +0 long sword (moderately wounded, 73% to hit)
You throw a poisoned dart.
The poisoned dart hits the deep elf annihilator!
The deep elf annihilator is poisoned.
The deep elf annihilator is moderately wounded.
Throw: 50 darts (poison)
Press: ? - help, Q - select action, (/) - cycle Shift-Dir - straight line, f/p - deep elf annihilator
Aim: a deep elf annihilator, wielding a +0 long sword (moderately wounded, very poisoned, 73% to hit)
You throw a poisoned dart.
The poisoned dart hits the deep elf annihilator!!!
The deep elf annihilator looks as sick as possible!
The deep elf annihilator is moderately wounded.
The deep elf annihilator mumbles some strange words.
The deep elf annihilator blinks!
Throw: 49 darts (poison)
Press: ? - help, Q - select action, (/) - cycle Shift-Dir - straight line, f/p - deep elf annihilator
Aim: a deep elf annihilator, wielding a +0 long sword (moderately wounded, extremely poisoned, 73% to hit)
You throw a poisoned dart.
The poisoned dart barely misses the deep elf annihilator.
You hit the deep elf annihilator but do no damage.
You grab the deep elf annihilator.
The deep elf annihilator is heavily wounded.
You constrict the deep elf annihilator. You hit the deep elf annihilator.
You freeze the deep elf annihilator. You squeeze the deep elf annihilator!
The deep elf annihilator is severely wounded.
You constrict the deep elf annihilator.
The deep elf annihilator casts a spell at you.
The crystal spear hits you!!!
You die...

#######.########.#######.###
# ####.### ##.#####.#### #
#####{### #..###..####
######..{## ##.#.#.#.####
#####.....######(.......###
####.......#####..#.).#.##
###.........####........#
..'......((.'...e.....#.#
###....§....####@....##.#
####.......#####..#.###.#
#####.....######........#
######...##########.#####
....###+###########.####
###.# #.##### ####.#### #
#.# #.# ####.###
###.###.###########.###
.##.##..............###


You could see a deep elf annihilator (extremely poisoned).

Vanquished Creatures
  Jorgrun (Orc:2)
  2 deep elf blademasters (Elf:3)
  2 deep elf sorcerers
  Louise (Elf:1)
  A deep elf elementalist (Elf:3)
  Nessos (D:14)
  4 deep elf demonologists (Elf:3)
  A deep elf annihilator (Elf:3)
  A fire dragon (Lair:5)
  A deep elf high priest (Elf:3)
  A rakshasa (D:13)
  Josephine (D:10)
  5 boulder beetles
  14 hydras
  Erolcha (Orc:2)
  A death knight (D:15)
  An ogre mage (D:15)
  7 vault guards
  A catoblepas (D:13)
  8 centaur warriors
  14 dancing weapons
  7 two-headed ogres
  A death yak (Lair:5)
  5 tengu warriors
  4 orc high priests
  A hell knight (D:15)
  10 deep elf knights
  Nergalle (Lair:1)
  5 skeletal warriors (D:13)
  A fire crab (Lair:5)
  Lodul (D:12)
  A sea snake (shapeshifter) (D:15)
  An orange crystal statue (D:15)
  2 deep trolls (D:15)
  4 wizards
  3 deep elf archers (Elf:2)
  A harpy (shapeshifter) (Elf:2)
  A necromancer (D:15)
  2 orc knights
  26 deep elf pyromancers
  19 deep elf zephyrmancers
  5 cyclopes
  A manticore (shapeshifter) (Elf:3)
  16 ugly things
  4 orc sorcerers
  2 manticores
  7 elephants
  13 black mambas
  4 molten gargoyles
  10 cane toads
  4 torpor snails
  4 gargoyles
  Maggie (D:7)
  4 kobold demonologists
  An unseen horror (D:12)
  A yaktaur (shapeshifter) (Elf:2)
  13 komodo dragons
  A tengu conjurer (D:13)
  2 rime drakes
  2 efreet (D:13)
  2 polar bears
  A meliai (D:13)
  2 trolls
  16 blink frogs
  8 slime creatures
  11 dream sheep
  Sigmund (D:3)
  A shadow (D:13)
  2 air elementals
  A centaur simulacrum (D:14)
  A culicivora (shapeshifter) (Elf:1)
  3 fire elementals
  9 wyverns
  3 vampires
  6 wraiths
  11 basilisks
  3 water elementals
  20 yaks
  A golden eye (shapeshifter) (D:14)
  3 steam dragons
  A redback (shapeshifter) (D:15)
  A redback (D:13)
  4 vampire mosquitoes (D:13)
  A harpy simulacrum (D:13)
  3 wargs
  5 nagas
  2 acid dragons
  15 water moccasins
  4 hell hounds (Lair:5)
  3 ice beasts
  3 sky beasts
  A black bear (Lair:3)
  32 orc warriors
  16 ogres
  12 wolves
  A boggart (Elf:2)
  19 centaurs
  A phantom (D:6)
  10 kobold brigands
  11 bullfrogs
  A gnoll sergeant (D:12)
  4 earth elementals
  2 necrophages
  4 scorpions
  4 wights (D:9)
  4 killer bees (D:9)
  A vampire bat (Lair:3)
  6 howler monkeys
  6 hounds
  5 lava snakes (Lair:5)
  Crazy Yiuf (D:7)
  32 orc priests
  2 jellies
  3 gnoll boudas
  Jessica (D:2)
  6 iguanas
  Ijyb (D:4)
  Terence (D:2)
  28 orc wizards
  6 hell rats (Lair:3)
  18 gnolls
  15 adders
  7 river rats (Sewer)
  A shadow imp (D:5)
  3 white imps (D:6)
  An ufetubus (D:5)
  2 worms (D:2)
  3 dart slugs
  80 orcs
  18 bats
  7 endoplasms
  2 giant cockroaches
  8 goblins
  7 hobgoblins
  5 jackals
  42 kobolds
  11 quokkas
  10 ball pythons
  3 frilled lizards
  26 rats
897 creatures vanquished.

Vanquished Creatures (others)
  A vault guard (D:14)
  A death knight (D:13)
  An orc knight (D:15)
  An orc sorcerer (D:15)
  43 fungi
  68 plants
  3 toadstools (D:5)
118 creatures vanquished.

Grand Total: 1015 creatures vanquished

Notes
Turn   | Place    | Note
-------+----------+-------------------------------------------
     0 | D:1      | mopl the Octopode Brigand began the quest for the Orb.
     0 | D:1      | Reached XP level 1. HP: 14/14 MP: 1/1
   477 | D:1      | Reached XP level 2. HP: 19/19 MP: 2/2
   590 | D:1      | Found Naowk's Jewellery Shoppe.
   853 | D:1      | Found a faded altar of an unknown god.
   860 | D:1      | Reached XP level 3. HP: 23/24 MP: 3/3
  1332 | D:2      | Found a hide-covered altar of Uskayaw.
  1499 | D:2      | Reached skill level 2 in Dodging
  1499 | D:2      | Reached XP level 4. HP: 29/29 MP: 4/4
  1598 | D:2      | Reached skill level 6 in Stealth
  1645 | D:2      | Reached skill level 1 in Shields
  1865 | D:2      | Noticed Jessica
  1924 | D:2      | Killed Jessica
  1925 | D:2      | Reached XP level 5. HP: 32/34 MP: 5/5
  1949 | D:2      | Noticed Terence
  1966 | D:2      | Killed Terence
  1967 | D:2      | Reached skill level 3 in Short Blades
  1967 | D:2      | Reached skill level 3 in Throwing
  2281 | D:3      | Found a sparkling altar of Nemelex Xobeh.
  2360 | D:3      | Reached XP level 6. HP: 39/39 MP: 6/6
  2381 | D:3      | Found a glowing drain.
  2407 | Sewer    | Entered a sewer
  2766 | Sewer    | Reached skill level 2 in Shields
  2821 | Sewer    | Reached skill level 3 in Dodging
  2988 | Sewer    | Reached skill level 7 in Stealth
  2988 | Sewer    | Reached XP level 7. HP: 39/45 MP: 7/7
  3517 | D:3      | Reached skill level 4 in Throwing
  3757 | D:3      | Reached skill level 4 in Short Blades
  3866 | D:3      | Noticed Sigmund
  3879 | D:3      | Killed Sigmund
  3880 | D:3      | Reached skill level 3 in Shields
  4014 | D:3      | Found a shimmering blue altar of Sif Muna.
  4014 | D:3      | Found a snail-covered altar of Cheibriados.
  4034 | D:4      | Noticed Ijyb
  4041 | D:4      | Killed Ijyb
  4091 | D:4      | Reached XP level 8. HP: 47/50 MP: 8/8
  4104 | D:4      | Reached skill level 4 in Dodging
  4387 | D:4      | Reached skill level 8 in Stealth
  4905 | D:4      | Learned a level 2 spell: Blink
  4979 | D:5      | Entered Level 5 of the Dungeon
  4984 | D:5      | Found Lotol's Lightly-Used Armoury.
  5228 | D:5      | Reached skill level 4 in Shields
  5382 | D:5      | Reached skill level 5 in Short Blades
  5382 | D:5      | Reached skill level 5 in Throwing
  5718 | D:5      | Reached skill level 5 in Dodging
  5718 | D:5      | Reached skill level 9 in Stealth
  5718 | D:5      | Found a shimmering altar of Xom.
  5953 | D:4      | Reached XP level 9. HP: 54/54 MP: 9/9
  6487 | D:5      | Found a white marble altar of Elyvilon.
  6630 | D:6      | Reached skill level 6 in Short Blades
  6630 | D:6      | Reached skill level 6 in Throwing
  6850 | D:6      | Reached skill level 6 in Dodging
  6850 | D:6      | Reached skill level 10 in Stealth
  6983 | D:6      | Identified 4 scrolls of acquirement
  6983 | D:6      | Acquired a +5 quick blade
  6993 | D:5      | Acquired the +5 kite shield of the New World {rElec rF+
                  | Slay+3}
  7007 | D:5      | Acquired the ring "Nyomaot" {rC++ Will+ SInv}
  7010 | D:5      | Acquired 1240 gold pieces
  7129 | D:1      | Bought the ring "Atralab" {rN+ Will+ Slay+5} for 536 gold
                  | pieces
  7129 | D:1      | Bought a ring of poison resistance for 200 gold pieces
  7281 | D:6      | Found a staircase to the Ecumenical Temple.
  7331 | Temple   | Entered the Ecumenical Temple
  7700 | D:7      | Found a glowing silver altar of Zin.
  7844 | D:6      | Reached XP level 10. HP: 45/60 MP: 10/10
  7929 | D:7      | You fall into a shaft and drop 2 floors!
  8295 | D:7      | Found a hide-covered altar of Uskayaw.
  8297 | D:7      | Reached skill level 7 in Throwing
  8300 | D:7      | Reached skill level 7 in Short Blades
  8347 | D:7      | Found an opulent altar of Gozag.
  8376 | D:7      | Noticed Maggie
  8397 | D:7      | Killed Maggie
  8398 | D:7      | Reached skill level 11 in Stealth
  8398 | D:7      | Reached skill level 5 in Shields
  8510 | D:7      | Reached skill level 1 in Evocations
  8717 | D:7      | Found a runed translucent door.
  8718 | D:7      | Noticed Crazy Yiuf
  8725 | D:7      | Killed Crazy Yiuf
  8845 | D:8      | Reached skill level 7 in Dodging
  9094 | D:8      | Found a sacrificial altar of Ru.
  9359 | D:9      | Found a broken altar of Ashenzari.
  9362 | D:9      | Became a worshipper of Ashenzari the Shackled
  9379 | D:9      | Noticed a deep elf pyromancer
  9386 | D:9      | Killed a deep elf pyromancer
  9387 | D:9      | Reached skill level 2 in Evocations
  9417 | D:9      | Noticed a kobold demonologist
  9417 | D:9      | Noticed a kobold demonologist
  9417 | D:9      | Noticed a kobold demonologist
  9442 | D:9      | Killed a kobold demonologist
  9449 | D:8      | Killed a kobold demonologist
  9516 | D:9      | Noticed an orange demon
  9518 | D:9      | Killed a kobold demonologist
  9519 | D:9      | Reached skill level 3 in Fighting
  9574 | D:9      | Reached skill level 3 in Evocations
  9576 | D:9      | Reached XP level 11. HP: 67/67 MP: 11/11
  9605 | D:9      | Reached skill level 6 in Shields
  9637 | D:9      | Found an ornate altar of the Wu Jian Council.
  9818 | D:9      | Reached skill level 12 in Stealth
  9948 | D:9      | Noticed a boulder beetle
  9953 | D:9      | Killed a boulder beetle
  9954 | D:9      | Reached skill level 8 in Short Blades
  9954 | D:9      | Reached skill level 8 in Throwing
 10115 | D:10     | Entered Level 10 of the Dungeon
 10117 | D:10     | Noticed a cyclops
 10385 | D:10     | Noticed Josephine
 10415 | D:10     | Killed a cyclops
 10416 | D:10     | Reached skill level 4 in Evocations
 10427 | D:10     | Reached skill level 4 in Fighting
 10498 | D:10     | Found a staircase to the Orcish Mines.
 11044 | D:10     | Killed Josephine
 11399 | D:10     | Reached * piety under Ashenzari
 11546 | D:10     | Reached skill level 5 in Evocations
 11723 | D:11     | Found Giny's Armour Shop.
 11780 | D:11     | Reached skill level 7 in Shields
 11781 | D:11     | Noticed a boulder beetle
 11853 | D:11     | Killed a boulder beetle
 11854 | D:11     | Reached skill level 5 in Fighting
 11854 | D:11     | Reached skill level 13 in Stealth
 11901 | D:11     | Noticed a centaur warrior
 11931 | D:11     | Killed a centaur warrior
 11932 | D:11     | Reached XP level 12. HP: 77/77 MP: 12/12
 11998 | D:11     | Reached skill level 9 in Throwing
 12186 | D:11     | Found a staircase to the Lair.
 12439 | Lair:1   | Entered Level 1 of the Lair of Beasts
 12464 | Lair:1   | Reached skill level 6 in Evocations
 12465 | Lair:1   | Reached ** piety under Ashenzari
 12503 | Lair:1   | Noticed Nergalle
 12511 | Lair:1   | Killed Nergalle
 12649 | Lair:1   | Reached skill level 6 in Fighting
 12672 | Lair:1   | Reached skill level 8 in Shields
 13057 | Lair:1   | Reached skill level 14 in Stealth
 13315 | Lair:2   | Reached skill level 7 in Evocations
 13327 | Lair:2   | Noticed a five-headed hydra
 13380 | Lair:2   | Noticed a four-headed hydra
 13388 | Lair:2   | Killed a four-headed hydra
 13477 | Lair:2   | Found a staircase to the Snake Pit.
 13681 | Lair:1   | Reached skill level 1 in Translocations
 14105 | Lair:1   | Reached skill level 1 in Spellcasting
 14247 | Lair:2   | Reached *** piety under Ashenzari
 14260 | Lair:2   | Reached XP level 13. HP: 62/85 MP: 13/15
 14271 | Lair:2   | Reached skill level 7 in Fighting
 14271 | Lair:2   | Reached skill level 10 in Throwing
 14490 | Lair:2   | Reached skill level 2 in Translocations
 14509 | Lair:2   | Reached skill level 2 in Spellcasting
 15285 | Lair:3   | Reached **** piety under Ashenzari
 15301 | Lair:3   | Reached skill level 15 in Stealth
 15444 | Lair:3   | Found a staircase to the Shoals.
 16305 | Lair:4   | Reached skill level 8 in Fighting
 16393 | Lair:4   | Reached ***** piety under Ashenzari
 16914 | Lair:5   | Entered Level 5 of the Lair of Beasts
 16920 | Lair:5   | Reached skill level 11 in Throwing
 16979 | Lair:5   | HP: 4/89 [komodo dragon (9)]
 17594 | Lair:5   | Reached skill level 16 in Stealth
 17942 | Lair:5   | Reached skill level 9 in Fighting
 17944 | Lair:5   | Found a staircase to the Slime Pits.
 17944 | Lair:5   | Found a viscous altar of Jiyva.
 17993 | Lair:5   | Reached XP level 14. HP: 97/97 MP: 17/17
 18358 | Lair:5   | Found an opulent altar of Gozag.
 18604 | Lair:4   | Reached skill level 17 in Stealth
 18634 | Lair:5   | Reached skill level 12 in Throwing
 18992 | Lair:5   | Reached skill level 10 in Fighting
 19461 | Lair:5   | Found a large runed translucent door.
 19462 | Lair:5   | Found a large runed translucent door.
 20253 | Orc:1    | Entered Level 1 of the Orcish Mines
 20673 | Orc:2    | Entered Level 2 of the Orcish Mines
 20673 | Orc:2    | Noticed Jorgrun
 20684 | Orc:2    | Killed Jorgrun
 20694 | Orc:2    | Found a staircase to the Elven Halls.
 20752 | Orc:2    | Reached skill level 18 in Stealth
 20889 | Orc:2    | Noticed Erolcha
 20904 | Orc:2    | Killed Erolcha
 21409 | Orc:2    | Reached skill level 11 in Fighting
 21534 | Orc:2    | Reached skill level 13 in Throwing
 21832 | Orc:2    | Found Tuetox's Distillery.
 21832 | Orc:2    | Found Nolit's Book Shoppe.
 21833 | Orc:2    | Found Tenoucw's Antique Weapon Emporium.
 21836 | Orc:2    | Found Ufitzot's Book Emporium.
 22066 | Orc:2    | Bought a book of Dreams for 264 gold pieces
 22069 | Orc:2    | Learned a level 2 spell: Ensorcelled Hibernation
 22074 | Orc:2    | Learned a level 4 spell: Anguish
 22241 | D:12     | Reached XP level 15. HP: 86/111 MP: 20/20
 22421 | D:12     | Found a shadowy altar of Dithmenos.
 22447 | D:12     | Reached skill level 1 in Necromancy
 22452 | D:12     | Reached skill level 1 in Hexes
 22452 | D:12     | Reached skill level 1 in Ice Magic
 22879 | D:12     | Noticed Lodul
 23081 | D:12     | Killed Lodul
 23480 | D:13     | Reached skill level 2 in Ice Magic
 23519 | D:13     | Reached skill level 2 in Necromancy
 23520 | D:13     | Reached skill level 2 in Hexes
 23542 | D:13     | Reached skill level 3 in Spellcasting
 23744 | D:13     | Reached skill level 19 in Stealth
 23747 | D:13     | Reached skill level 3 in Ice Magic
 23757 | D:13     | Reached skill level 3 in Hexes
 24610 | D:13     | Found Lyficoy's Pet Rocks.
 24871 | D:13     | Reached skill level 4 in Hexes
 25122 | D:13     | Reached skill level 12 in Fighting
 25415 | D:14     | Noticed Nessos
 25420 | D:14     | Killed Nessos
 25536 | D:14     | Found Caaph's Jewellery Boutique.
 25661 | D:14     | Reached XP level 16. HP: 102/120 MP: 23/23
 25673 | D:14     | Reached skill level 14 in Throwing
 25939 | D:14     | Found a gate to the Vaults.
 26020 | D:13     | Reached skill level 20 in Stealth
 26618 | D:14     | Found a glowing golden altar of the Shining One.
 26679 | D:15     | Entered Level 15 of the Dungeon
 27015 | D:15     | Identified the +3 rapier of Uloskimi {pain, *Slow rPois
                  | rCorr Stlth+}
 27070 | D:15     | Found a staircase to the Depths.
 27103 | D:15     | Reached skill level 13 in Fighting
 27301 | D:15     | Identified the +11 great mace of Soft Punishment {freeze,
                  | rElec rPois rC+++ Int-3}
 28071 | Elf:1    | Entered Level 1 of the Elven Halls
 28181 | Elf:1    | Found a runed translucent door.
 28181 | Elf:1    | Noticed Hynwimna's ghost (veteran MiGl)
 28199 | Elf:1    | Reached skill level 5 in Hexes
 28397 | Elf:1    | Found Ludo's General Store.
 28403 | Elf:1    | Bought a scroll of blinking for 112 gold pieces
 28485 | Elf:1    | Gained mutation: You are strong-willed. (Will+) [a
                  | cacodemon]
 28640 | Elf:1    | Identified the Teachings on Rallying
 28924 | Elf:1    | Found Laapy's Neck Hole.
 28944 | Elf:1    | Noticed Louise
 28977 | Elf:1    | Killed Louise
 28978 | Elf:1    | Reached skill level 15 in Throwing
 28978 | Elf:1    | Reached skill level 21 in Stealth
 29231 | Elf:2    | Reached skill level 4 in Spellcasting
 29255 | Elf:2    | Reached XP level 17. HP: 128/128 MP: 26/26
 29488 | Elf:2    | Found a huge runed translucent gate.
 29488 | Elf:2    | Found a huge runed translucent gate.
 29489 | Elf:2    | Found a huge runed translucent gate.
 29489 | Elf:2    | Found a huge runed translucent gate.
 29490 | Elf:2    | Found a huge runed translucent gate.
 29552 | Elf:2    | Reached skill level 6 in Hexes
 29628 | Elf:2    | Reached skill level 8 in Dodging
 29630 | Elf:2    | Identified the +10 dire flail "Ultimatum" {holy, Str+3}
 29635 | Elf:2    | Paralysed by an air elemental for 1 turns
 30337 | Elf:3    | Entered Level 3 of the Elven Halls
 30560 | Elf:3    | Reached skill level 8 in Evocations
 30622 | Elf:3    | Noticed a deep elf master archer
 30622 | Elf:3    | Identified the ring of the Philosopher {Fly rElec rPois rC-
                  | rN+++}
 30624 | Elf:3    | Noticed a deep elf master archer
 30624 | Elf:3    | Identified the ring of Xom's Fair Game {rPois rN+ Will+
                  | Str+3 Int-5}
 30639 | Elf:3    | Identified the Anthology of Boreal Production
 30936 | Elf:3    | Noticed a Tzitzimitl
 30940 | Elf:3    | Noticed a Brimstone Fiend
 31185 | Elf:3    | Noticed a deep elf blademaster
 31279 | Elf:3    | Identified the +7 battleaxe "Killer Klown's Death" {vorpal,
                  | Str+2 Dex+4}
 31290 | Elf:3    | Noticed an Ice Fiend
 31296 | Elf:3    | Noticed a deep elf blademaster
 31304 | Elf:3    | Identified the +10 plate armour of the Burnt God {Contam
                  | rPois Regen+ Dex+2}
 31305 | Elf:3    | Killed a deep elf blademaster
 31330 | Elf:3    | Killed a deep elf blademaster
 31457 | Elf:3    | Killed from afar by a deep elf annihilator

Illustrated notes

Levels and vault maps discovered:
D:1:      nzn_arrival_water_spiral, layout_rooms,
          nicolae_ecumenical_snake_handling, serial_shops,
          nicolae_shop_behind_doors
D:2:      layout_loops_corners, basic_altar, uniq_jessica, uniq_terence
D:3:      layout_loops_ring, nemelex_dance_club_becter,
          gammafunk_temple_overflow_statue, gup_sewer_entry_pipe,
          minmay_between, uniq_sigmund
D:4:      layout_cave_pools, uniq_ijyb
D:5:      minmay_razor_zed, layout_cave_pools, marbit_many_paths,
          nicolae_elyvilon_peaceful_grove, minmay_shop_damaged,
          minmay_gold_behind_fungi, grunt_decor_junction, grunt_decor_clamped
D:6:      minmay_inner_zag, layout_basic, minmay_temple_entry_arrows
D:7:      layout_cave_pools, mainiacjoe_overflow_chevrons, old_standard_altar,
          overflow_temple_1_default, uniq_maggie, uniq_crazy_yiuf_cottage
D:8:      layout_gridville, kennysheep_little_box,
          eino_small_chamber_without_monster
D:9:      layout_roguey, kennysheep_mini, mainiacjoe_overflow_small_starburst
D:10:     layout_long_grid, david_orc_1_choice, uniq_josephine
D:11:     layout_irregular_city, david_lair_shrubbed, serial_shops,
          kennysheep_mini_moat
D:12:     layout_cave_pods, minmay_ruined_shrine, uniq_lodul
D:13:     minmay_the_grid_square_5x5_4x4 [minmay_the_grid_square_5x5_v,
          minmay_the_grid_square_5x5_broken_cross,
          minmay_the_grid_square_5x5_one_wall, minmay_the_grid_square_5x5_n,
          minmay_the_grid_square_5x5_gyroscope,
          minmay_the_grid_square_5x5_prize_waves,
          minmay_the_grid_square_5x5_prize_gold,
          minmay_the_grid_square_5x5_inverted_slash,
          minmay_the_grid_square_5x5_fancy_junction,
          minmay_the_grid_square_5x5_prize_pseudospiral,
          minmay_the_grid_square_5x5_prize_junk,
          minmay_the_grid_square_5x5_hourglass,
          minmay_the_grid_square_5x5_slash,
          minmay_the_grid_square_5x5_three_small, minmay_the_grid_square_5x5_z,
          minmay_the_grid_square_5x5_hollow_slash], layout_loops_corners,
          guppyfry_shop_earth
D:14:     layout_loops_cross, erik_vaults_2, serial_shops, nicolae_diamond_shop,
          nicolae_tso_swordbearing_angel, ebering_dispersal_statue_hall,
          minmay_door_square, uniq_nessos
D:15:     hangedman_depths_entry_civil_slaughter, layout_stronghold,
          minivault_26, mumra_transporter_accident, minmay_statue_bubble
Temple:   nicolae_temple_ecumenical_triangle
Lair:1:   layout_gridlike, uniq_nergalle
Lair:2:   layout_gridlike, minmay_snake_entry_guardpost_medium
Lair:3:   layout_concentric_octagons, minmay_shoals_entry_centaurs,
          roderic_batcave
Lair:4:   layout_regular_city, chequers_serial_rivers_small_b
Lair:5:   cheibrodos_lair_end_hotspot, layout_regular_city, slime_entry_1,
          basic_altar
Orc:1:    layout_caves
Orc:2:    st_orc_mages, layout_diamond_mine, uniq_jorgrun, uniq_erolcha
Elf:1:    layout_geoelf_grid, gammafunk_ghost_grave, serial_shops,
          nicolae_shop_advertising_works [nicolae_subvault_shop_adworks],
          minmay_elf_demonology, st_stairs_3, drop_trap,
          nicolae_shop_sticking_my_neck_out, uniq_louise
Elf:2:    elven_hall_of_blades_hangedman_alternative [nicolae_blade_tridents],
          layout_geoelf_octagon, hangedman_elf_disciples, lemuel_elevator
Elf:3:    elf_hall_gauntlet_narrow, layout_loops_corners

Skill      XL: |  1  2  3  4  5  6  7  8  9 10 11 12 13 14 15 16 17 |
---------------+----------------------------------------------------+-----
Dodging        | 2 3 5 6 7 8 |  8.6
Stealth        | 6 7 9 10 11 13 14 16 18 19 21 | 21.5
Shields        | 1 2 3 4 5 7 8 |  8.5
Short Blades   | 3 4 5 6 7 8 |  8.0
Throwing       | 3 4 5 6 7 8 9 11 13 15 | 15.4
Evocations     | 3 5 7 8 |  8.4
Fighting       | 3 5 6 9 11 12 13 | 13.9
Translocations | 1 2 |  2.9
Spellcasting   | 1 2 3 4 |  4.9
Necromancy     | 2 |  2.6
Hexes          | 4 5 6 |  6.6
Ice Magic      | 3 |  3.0

Action                   |  1- 3 |  4- 6 |  7- 9 | 10-12 | 13-15 | 16-18 || total
-------------------------+-------+-------+-------+-------+-------+-------++-------
Melee: Dagger            |    68 |   122 |    53 |     2 |       |       ||   245
       Constrict         |    14 |    26 |    71 |    66 |   159 |    82 ||   418
       Tentacles         |     8 |    30 |   113 |   118 |   396 |   206 ||   871
       Punch             |       |     1 |     9 |     9 |    24 |     7 ||    50
       Short sword       |       |       |   248 |       |       |       ||   248
       Quick blade       |       |       |    46 |   418 |  1114 |   536 ||  2114
Throw: Dart              |       |     9 |    33 |    45 |    42 |    37 ||   166
       Boomerang         |       |       |       |    11 |       |     9 ||    20
 Cast: Blink             |       |       |       |       |     2 |     3 ||     5
       Anguish           |       |       |       |       |     2 |    13 ||    15
       Ensorcelled Hiber |       |       |       |       |       |     1 ||     1
Invok: Curse Item        |       |       |       |     6 |     6 |     1 ||    13
       Shatter the Chain |       |       |       |       |     2 |     1 ||     3
Evoke: Wand              |       |       |       |     9 |       |     2 ||    11
       Box of beasts     |       |       |       |       |       |     1 ||     1
       Phial of floods   |       |       |       |       |       |     1 ||     1
       Condenser vane    |       |       |       |       |       |     1 ||     1
  Use: Scroll            |     1 |       |     4 |     7 |     4 |       ||    16
       Potion            |       |       |       |       |       |     1 ||     1
 Stab: Sleeping          |    11 |    18 |    31 |    31 |    80 |    37 ||   208
       Distracted        |       |     1 |       |     3 |     6 |     4 ||    14
Armor: Skin              |    16 |    17 |    47 |     8 |    30 |     8 ||   126
Dodge: Dodged            |    43 |    58 |   122 |    64 |   237 |    97 ||   621
Block: Buckler           |       |    17 |    44 |       |       |       ||    61
       Kite shield       |       |       |    12 |   160 |   490 |   171 ||   833
